 Dungeon Crawl Stone Soup version 0.30.0-15-g856e2d3f33 (webtiles) character file.

Game seed: 754391921683025712

201 Jackthecabe the Shooter (level 5, 0/29 HPs)
             Began as a Tengu Hexslinger on May 19, 2023.
             Slain by an orc
             ... wielding a +0 hand axe
              (5 damage)
             ... on level 2 of the Dungeon.
             The game lasted 00:05:30 (3049 turns).

Jackthecabe the Shooter (Tengu Hexslinger)          Turns: 3049, Time: 00:05:30

Health: 0/29       AC:  2    Str: 10    XL:     5   Next: 79%
Magic:  7/7        EV: 15    Int: 13    God:
Gold:   72         SH:  0    Dex: 17    Spells: 5/6 levels left

rFire   . . .        b - +0 dagger
rCold   . . .        (no shield)
rNeg    . . .        c - +0 robe
rPois   .            (helmet restricted)
rElec   .            g - scarf {repulsion}
rCorr   .            (no gloves)
SInv    .            (boots unavailable)
Will    .....        (no amulet)
Stlth   ++           (no ring)
HPRegen 0.24/turn    (no ring)
MPRegen 0.10/turn

%: repel missiles
@: flying quickly and evasively, quick
A: beak, talons 3, nimble flight
a: no special abilities


You were on level 2 of the Dungeon.
You visited 1 branch of the dungeon, and saw 3 of its levels.

You collected 72 gold pieces.

Inventory:

Hand Weapons
 a - a +1 sling
 b - a +0 dagger (weapon)
   (You took it off a kobold on level 1 of the Dungeon)
Missiles
 n - 5 poisoned darts
Armour
 c - a +0 robe (worn)
 g - a scarf of repulsion (worn)
   (You found it on level 1 of the Dungeon)
Magical Staves
 h - a staff of poison {rP+}
   (You found it on level 1 of the Dungeon)
Scrolls
 d - 2 scrolls of teleportation {!r!d, @r3}
 f - a scroll of poison {!r}
 i - a scroll of fog {unknown}
 k - a scroll of magic mapping {unknown}
 m - a scroll of torment {unknown}
 p - a scroll of enchant weapon {unknown}
 q - a scroll of identify {unknown}
 r - a scroll of butterflies {unknown}
 s - a scroll of amnesia {unknown}
Potions
 e - 4 potions of curing {unknown}
 j - a potion of haste {unknown}
 l - a potion of heal wounds {@q2, !d}
 o - 3 potions of brilliance {unknown}


   Skills:
 - Level 1.0 Fighting
 + Level 6.4 Ranged Weapons
 - Level 2.1 Dodging
 - Level 1.0 Spellcasting
 - Level 2.1 Hexes


You had 5 spell levels left.
You knew the following spells:

 Your Spells              Type           Power      Damage    Failure   Level
s - Slow                  Hex            24%        N/A       12%         1

Your spell library contained the following spells:

 Spells                   Type           Power      Damage    Failure   Level
 Inner Flame              Hex/Fire       3%         N/A       47%         3
 Portal Projectile        Hex/Tloc       6%         N/A       47%         3
 Hailstorm                Conj/Ice       0%         3d3       63%         3
 Cause Fear               Hex            3%         N/A       75%         4
 Ice Form                 Ice/Tmut       0%         N/A       95%         4
 Simulacrum               Ice/Necr       0%         N/A       100%        6


Dungeon Overview and Level Annotations

Branches:
Dungeon (3/15)

Altars:

Annotations:
D:3 exclusion: scorpion


Innate Abilities, Weirdness & Mutations

You have a beak for a mouth.
You have claws for feet.
Your magical nature lets you fly swiftly and evasively.


Message History

You barely miss the orc wizard. Your kick misses the orc wizard.
You peck the orc wizard. The orc wizard misses you.
You hit the orc wizard. Your kick misses the orc wizard.
The orc wizard hits you with a +0 dagger.
You take 2 damage, and have 21/29 hp.
You barely miss the orc wizard.
You claw the orc wizard, but do no damage.
The orc wizard hits you with a +0 dagger.
You take 3 damage, and have 18/29 hp.
You hit the orc wizard.
The orc wizard gestures at you while chanting.
You are confused.
You barely miss the orc wizard.
You claw the orc wizard, but do no damage.
The orc wizard hits you with a +0 dagger.
You take 3 damage, and have 15/29 hp.
You hit the orc wizard but do no damage.
You claw the orc wizard.
You kill the orc wizard!
Unknown command.
You start resting.
You feel less confused.
You start resting.
Health restored: 29; MP restored: 7 You start waiting.
Done waiting.
Things that are here:
a +0 dagger; a +0 robe
There is a stone staircase leading up here.
d - 2 scrolls of teleportation {!r!d, @r3} (gained 1)
You now have 72 gold pieces (gained 12).
A bat is nearby!
A bat is nearby!
The bat closely misses you.
You closely miss the bat. You claw the bat. The bat misses you.
The bat barely misses you.
You hit the bat.
You kill the bat!
No target in view!
No target in view!
An orc comes into view. It is wielding a +0 club.
The orc moves out of view.
An orc is nearby!
a - a +1 sling (weapon)
You shoot a sling bullet. The orc shouts!
The sling bullet hits the orc.
You shoot a sling bullet.
The sling bullet closely misses the orc.
You shoot a sling bullet.
The sling bullet hits the orc but does no damage.
You shoot a sling bullet. The sling bullet hits the orc.
You kill the orc!
No target in view!
No target in view!
s - a scroll labelled XISTOY WUZXIHI A goblin comes into view.
It is wielding a +0 club.
You shoot a sling bullet. The sling bullet hits the goblin.
No target in view!
No target in view!
No target in view!
You see here a bat corpse.
A goblin is nearby!
You shoot a sling bullet. The sling bullet hits the goblin.
You kill the goblin!
No target in view!
No target in view!
Found a stone staircase leading down.
You reach down and open the door.
An orc comes into view. It is wielding a +0 whip.
The orc moves out of view.
An orc priest and 2 orcs come into view.
The orc shouts!
The orc priest shouts!
The orc shouts! x2; You hear a shout!
The orc priest mumbles some strange prayers to Beogh against you.
Beogh smites you!
An orc comes into view. It is wielding a +0 hand axe.
You take 13 damage, and have 16/29 hp.
MASSIVE DAMAGE!!
There are monsters nearby!
Unknown command.
A giant cockroach comes into view.
There is a stone staircase leading up here.
You start resting.
There are monsters nearby!
You shoot a sling bullet. The sling bullet barely misses the orc.
The orc priest invokes the aid of Beogh against you.
Beogh smites you!
You take 12 damage, and have 15/29 hp.
MASSIVE DAMAGE!!
You shoot a sling bullet. The sling bullet hits the orc.
The orc closely misses you.
The orc priest invokes the aid of Beogh against you.
Beogh smites you!
* * * LOW HITPOINT WARNING * * *
You take 11 damage, and have 4/29 hp.
MASSIVE DAMAGE!!
The orc closely misses you.
You fly upwards.
There is a stone staircase leading down, spattered with blood here.
b - a +0 dagger (weapon)
You closely miss the orc. You claw the orc. You peck the orc, but do no damage.
The orc hits you with a +0 hand axe.
You die...

################
#..........@...#
#..........o[..#
#..............#
#..............#
######..............#
....................#
#####.#.............#
....#......#'########
###.###..#.#'#######


You could see an orc.

Vanquished Creatures
  A howler monkey (D:3)
  2 orc wizards (D:2 D:3)
  4 adders (D:2 D:3)
  2 worms (D:2 D:3)
  4 dart slugs (D:2 D:3)
  2 orcs (D:3)
  6 endoplasms (D:1 D:2 D:3)
  9 goblins (D:1 D:2 D:3)
  9 hobgoblins (D:1 D:2 D:3)
  7 kobolds (D:1 D:2 D:3)
  A quokka (D:2)
  3 ball pythons (D:2 D:3)
  6 bats (D:1 D:2 D:3)
  A frilled lizard (D:2)
  6 rats (D:1 D:2)
63 creatures vanquished.

Notes
Turn   | Place    | Note
-------+----------+-------------------------------------------
     0 | D:1      | Jackthecabe the Tengu Hexslinger began the quest for the
                  | Orb.
     0 | D:1      | Reached XP level 1. HP: 12/12 MP: 3/3
   267 | D:1      | Reached skill level 3 in Ranged Weapons
   267 | D:1      | Reached XP level 2. HP: 16/16 MP: 4/4
   348 | D:1      | HP: 8/16 [goblin/+0 club (3)]
   352 | D:1      | HP: 2/16 [goblin/+0 club (4)]
   825 | D:1      | HP: 7/16 [goblin/+0 club (2)]
  1049 | D:2      | Reached XP level 3. HP: 20/20 MP: 5/5
  1154 | D:2      | Reached skill level 4 in Ranged Weapons
  1249 | D:2      | Found a faded altar of an unknown god.
  1500 | D:2      | HP: 10/20 [worm (10)]
  1598 | D:2      | Reached XP level 4. HP: 20/25 MP: 6/6
  1931 | D:3      | HP: 11/25 [dart slug/slug dart (4)]
  1938 | D:2      | HP: 11/25 [goblin/+0 club (1)]
  2000 | D:3      | Reached skill level 5 in Ranged Weapons
  2268 | D:3      | Noticed a scorpion
  2373 | D:3      | Gained mutation: Your magical nature lets you fly swiftly
                  | and evasively. [Tengu growth]
  2373 | D:3      | Reached XP level 5. HP: 29/29 MP: 7/7
  2465 | D:2      | Reached skill level 6 in Ranged Weapons
  3045 | D:3      | HP: 4/29 [orc priest/divine providence (11)]
  3049 | D:2      | Slain by an orc

Illustrated notes

Levels and vault maps discovered:
D:1:      dpeg_chamrin_arrival_tetris, layout_basic, st_stairs_1
D:2:      layout_basic, basic_ecumenical_altar, grunt_ministairs_1
D:3:      layout_basic, hex_large, minmay_fractal_squares_5

Skill      XL: |  1  2  3  4  5 |
---------------+----------------+-----
Ranged Weapons | 3 4 5 6 |  6.4
Fighting       | |  1.0
Dodging        | |  2.1
Spellcasting   | |  1.0
Hexes          | |  2.1

Action                     |  1- 3 |  4- 6 || total
---------------------------+-------+-------++-------
  Melee: Dagger            |    32 |    46 ||    78
         Kick              |    10 |    19 ||    29
         Peck              |     6 |    10 ||    16
   Fire: Sling             |    82 |    55 ||   137
  Throw: Dart              |       |     2 ||     2
   Cast: Slow              |     4 |    12 ||    16
    Use: Scroll            |     1 |       ||     1
   Stab: Sleeping          |     1 |     1 ||     2
 Armour: Robe              |     6 |     8 ||    14
  Dodge: Dodged            |    30 |    40 ||    70
         Repelled          |     1 |     5 ||     6

Levels and vault maps discovered:
D:1:      dpeg_chamrin_arrival_tetris, layout_basic, st_stairs_1
D:2:      layout_basic, basic_ecumenical_altar, grunt_ministairs_1
D:3:      layout_basic, hex_large, minmay_fractal_squares_5

Table legend: (Time is in decaauts)
 A = Elapsed time spent in this place.
 B = Non-inter-level travel time spent in this place.
 C = Inter-level travel time spent in this place.
 D = Time resting spent in this place.
 E = Time spent auto-exploring this place.
 F = Levels seen in this place.
 G = Mean time per level.
                   A        B        C        D        E       F      G
               +--------+--------+--------+--------+--------+-----+--------+
         Total |   3041 |   2882 |    159 |    542 |   1738 |   3 | 1013.7 |
       Dungeon |   3041 |   2882 |    159 |    542 |   1738 |   3 | 1013.7 |
               +--------+--------+--------+--------+--------+-----+--------+

Top non-repeatable levels by time:
     D:2: 1143 daAuts
     D:1: 1042 daAuts
     D:3: 856 daAuts

Table legend:
 A = Kills in this place as a percentage of kills in the entire game.
 B = Kills by you in this place as a percentage of kills by you in the entire game.
 C = Kills by friends in this place as a percentage of kills by friends in the entire game.
 D = Other kills in this place as a percentage of other kills in the entire game.
 E = Experience gained in this place as a percentage of experience gained in the entire game.
 F = Experience gained in this place divided by the number of levels of this place that you have seen.
                   A       B       C       D       E      F
               +-------+-------+-------+-------+-------+----------------------
         Total | 100.0 | 100.0 |   N/A |   N/A | 100.0 |  96.0
       Dungeon | 100.0 | 100.0 |   N/A |   N/A | 100.0 |  96.0
               +-------+-------+-------+-------+-------+----------------------
